 Dungeon Crawl Stone Soup version 0.18.1-48-g4cf74bf (webtiles) character file.

961 CountDeLaPain the Shield-Bearer (level 7, -7/61 HPs)
             Began as a Minotaur Fighter on Aug 10, 2016.
             Was an Initiate of Okawaru.
             Mangled by an ice beast (9 damage)
             ... on level 7 of the Dungeon.
             The game lasted 00:14:09 (4587 turns).

CountDeLaPain the Shield-Bearer (Minotaur Fighter)  Turns: 4587, Time: 00:14:11

Health: -7/61      AC: 11    Str: 25    XL:     7   Next: 92%
Magic:  6/6        EV:  8    Int:  7    God:    Okawaru [......]
Gold:   324        SH: 15    Dex: 10    Spells: 0 memorised, 6 levels left

rFire  . . .     SeeInvis .     s - +0 morningstar
rCold  . . .     Gourm    .     u - +0 chain mail
rNeg   . . .     Faith    .     c - +1 shield
rPois  .         Spirit   .     (helmet restricted)
rElec  .         Dismiss  .     D - +0 cloak
rCorr  .         Reflect  +     (no gloves)
SustAt .         Harm     .     (no boots)
MR     .....                    l - +3 amulet of reflection
Stlth  ..........               (no ring)
                                (no ring)

@: mighty, not resistant to hostile enchantments, extremely unstealthy
A: retaliatory headbutt, horns 2
a: Renounce Religion


You were on level 7 of the Dungeon.
You worshipped Okawaru.
Okawaru was noncommittal.
You were very hungry.

You visited 2 branches of the dungeon, and saw 8 of its levels.

You collected 324 gold pieces.

Inventory:

Hand Weapons
 a - a +0 flail
 q - a cursed -2 spear
 s - a +0 morningstar (weapon)
Armour
 b - a +0 scale mail
 c - a +1 shield (worn)
 u - a +0 chain mail (worn)
 D - a +0 cloak (worn)
Jewellery
 e - an uncursed amulet of dismissal {unknown}
 j - an uncursed ring of see invisible {unknown}
 l - a +3 amulet of reflection (around neck)
 n - a +2 ring of dexterity {unknown}
 p - an uncursed ring of positive energy {unknown}
 v - an uncursed ring of poison resistance {unknown}
Scrolls
 r - a scroll of enchant weapon {unknown}
 t - a scroll of random uselessness
 x - a scroll of recharging {unknown}
 y - a scroll of fear {unknown}
 B - 2 scrolls of teleportation
Potions
 d - a potion of might
 g - a potion of beneficial mutation {unknown}
 i - a potion of cure mutation {unknown}
 k - 3 potions of magic
 o - 2 potions of heal wounds {unknown}
 w - 3 potions of degeneration
 z - 2 potions of flight
 A - 2 potions of lignification {unknown}
 C - a potion of haste {unknown}
 E - a potion of mutation {unknown}
Comestibles
 f - 4 bread rations
 h - 4 meat rations
 m - 2 slices of pizza


   Skills:
 + Level 5.6 Fighting
 + Level 5.2 Maces & Flails
 + Level 5.8 Armour
 + Level 3.4 Dodging
 + Level 7.2 Shields


You had 6 spell levels left.
You didn't know any spells.

Dungeon Overview and Level Annotations

Branches:
Dungeon (7/15)             Temple (1/1) D:6

Altars:
Ashenzari
Cheibriados
Dithmenos
Elyvilon
Fedhas
Gozag
Kikubaaqudgha
Nemelex Xobeh
Okawaru
Pakellas
Qazlal
Ru
Sif Muna
Trog
Vehumet
Xom
Yredelemnul
Zin
The Shining One

Shops:
D:5 :

Portals:
Ossuary: D:7

Annotations:
D:6 tyrion's ghost, novice OpIE
D:7 Dowan


Innate Abilities, Weirdness & Mutations

You reflexively headbutt those who attack you in melee.
You have a pair of horns on your head.


Message History

The ice beast hits you but does no damage.
Dowan casts a spell at you. The stone arrow hits you!
You barely miss Dowan. You block the giant frog's attack.
Dowan casts a spell at you. The shard of ice hits you!
* * * LOW HITPOINT WARNING * * *
The giant frog hits you.
* * * LOW HITPOINT WARNING * * *
The ice beast hits you but does no damage.
Dowan hits you but does no damage.
You hit Dowan.
Dowan is moderately wounded.
You block the giant frog's attack.
Dowan breathes, "And she was my only..."
Dowan barely misses you. You block the giant frog's attack.
The ice beast hits you.
* * * LOW HITPOINT WARNING * * *
The ice beast freezes you!
You die...

.. #.##### #######
#.....## #.....#
#...#..## #.....#
#.......# #.....#
#.#.....# #>....#
#.#a..#.# #.....##
#..@Y...# #......#
#..Fe.#..# #.#.##.#
#.$#).#..# ##.#.##.#
#........# #.......#
#.######.# #.......#
#.######.#
###..#.#..####........#
..........)....#####.##
###[##.#.#####.# .#


You could see an ice beast, Dowan, a giant frog and a worker ant.

Vanquished Creatures
  Duvessa (D:7)
  A phantom (D:6)
  A black bear (D:5)
  An ogre (D:7)
  Blork the orc (D:5)
  A giant frog (D:5)
  2 scorpions
  A howler monkey (D:4)
  An orc priest (D:4)
  A hound (D:5)
  Natasha (thrice) (D:3)
  An orc wizard (D:4)
  2 worker ants
  2 adders
  2 oozes
  2 worms
  A dart slug (D:3)
  3 giant geckos
  8 orcs
  5 giant cockroaches
  6 goblins
  8 hobgoblins
  7 jackals
  3 quokkas (D:3)
  2 ball pythons
  11 bats
  2 giant gecko skeletons
  A giant gecko zombie (D:5)
  A giant newt (D:3)
  6 kobolds
  3 rats
90 creatures vanquished.

Notes
Turn   | Place    | Note
--------------------------------------------------------------
     0 | D:1      | CountDeLaPain the Minotaur Fighter began the quest for the Orb.
     0 | D:1      | Reached XP level 1. HP: 19/19 MP: 0/0
   146 | D:1      | Reached XP level 2. HP: 24/27 MP: 1/1
   242 | D:1      | Reached skill level 4 in Shields
   462 | D:1      | Reached XP level 3. HP: 22/33 MP: 2/2
  1140 | D:2      | Found a shattered altar of Ashenzari.
  1559 | D:3      | Found a faded altar to an unknown god.
  1911 | D:3      | Noticed Natasha
  1918 | D:3      | Killed Natasha
  1918 | D:3      | Reached skill level 1 in Dodging
  1918 | D:3      | Reached XP level 4. HP: 17/41 MP: 3/3
  2183 | D:3      | Noticed Natasha
  2187 | D:3      | Killed Natasha
  2187 | D:3      | Noticed Natasha
  2198 | D:3      | Killed Natasha
  2198 | D:3      | Reached XP level 5. HP: 37/47 MP: 4/4
  2897 | D:4      | Reached skill level 5 in Shields
  3011 | D:4      | HP: 1/47 [orc priest/hand axe (3)]
  3014 | D:4      | Reached XP level 6. HP: 14/55 MP: 5/5
  3410 | D:5      | Entered Level 5 of the Dungeon
  3410 | D:5      | Found Doywiogo's Book Emporium.
  3410 | D:5      | Noticed Blork the orc
  3423 | D:5      | Killed Blork the orc
  3423 | D:5      | Reached skill level 5 in Armour
  3690 | D:5      | Found a snail-covered altar of Cheibriados.
  3733 | D:5      | Reached skill level 5 in Fighting
  3818 | D:5      | Reached skill level 6 in Shields
  4044 | D:5      | Reached XP level 7. HP: 44/61 MP: 6/6
  4193 | D:6      | Found a staircase to the Ecumenical Temple.
  4209 | Temple   | Entered the Ecumenical Temple
  4344 | Temple   | Became a worshipper of Warmaster Okawaru
  4403 | D:6      | Noticed tyrion's ghost (novice OpIE)
  4532 | D:7      | Reached skill level 5 in Maces & Flails
  4570 | D:7      | Found a sand-covered staircase.
  4571 | D:7      | Noticed Duvessa
  4571 | D:7      | Noticed Dowan
  4583 | D:7      | Killed Duvessa
  4583 | D:7      | Reached skill level 7 in Shields
  4586 | D:7      | HP: 3/61 [giant frog (3)]
  4587 | D:7      | Mangled by an ice beast

Skill      XL: |  1  2  3  4  5  6  7 |
---------------+----------------------+-----
Shields        | 4 5 6 7 |  7.2
Maces & Flails | 3 4 5 |  5.2
Armour         | 4 5 |  5.8
Fighting       | 4 5 |  5.6
Dodging        | 1 2 3 |  3.4

Action                   |  1- 3 |  4- 6 |  7- 9 || total
-------------------------+-------+-------+-------++-------
Melee: Flail             |   113 |       |       ||   113
       Headbutt          |    15 |    15 |     6 ||    36
       Morningstar       |    10 |   156 |    49 ||   215
  Use: Scroll            |     1 |     9 |     1 ||    11
       Potion            |       |     3 |     2 ||     5
  Eat: Chunk             |     3 |     7 |     1 ||    11
Armor: Scale mail        |    68 |    12 |       ||    80
       Chain mail        |       |    76 |    42 ||   118
Dodge: Dodged            |    55 |    54 |    10 ||   119
Block: Shield            |    91 |   133 |    55 ||   279
